 Dungeon Crawl Stone Soup version 0.29.1-4-g47bece8355 (webtiles) character file.

Game seed: 13195696573597341732

100 venomsnake the Chopper (level 4, -3/40 HPs)
             Began as a Minotaur Berserker on Dec 10, 2022.
             Was a Believer of Trog.
             Slain by Grinder (4 damage)
             ... on level 3 of the Dungeon.
             The game lasted 00:05:52 (2892 turns).

venomsnake the Chopper (Minotaur Berserker)         Turns: 2892, Time: 00:05:52

Health: -3/40      AC:  5    Str: 24    XL:     4   Next: 47%
Magic:  3/3        EV: 11    Int:  4    God:    Trog [**....]
Gold:   90         SH:  0    Dex:  9    Spells: 3/3 levels left

rFire   . . .      SeeInvis .   a - +0 hand axe
rCold   . . .      Faith    .   (no shield)
rNeg    . . .      Spirit   .   n - +0 ring mail
rPois   .          Reflect  .   (helmet restricted)
rElec   .          Harm     .   (no cloak)
rCorr   .          Rampage  .   (no gloves)
Will    .....                   (no boots)
Stlth   ..........              (no amulet)
HPRegen 0.13/turn               (no ring)
MPRegen 0.08/turn               (no ring)

@: no status effects
A: horns 2, retaliatory headbutt
a: Renounce Religion, Berserk, Trog's Hand


You were on level 3 of the Dungeon.
You worshipped Trog.
Trog was pleased with you.
You visited 1 branch of the dungeon, and saw 3 of its levels.

You collected 90 gold pieces.

Inventory:

Hand Weapons
 a - a +0 hand axe (weapon)
Missiles
 k - 15 stones (quivered)
 o - a throwing net
Armour
 n - a +0 ring mail (worn)
Wands
 p - a wand of paralysis (10)
Scrolls
 d - a scroll of torment {unknown}
 e - 2 scrolls of identify {unknown}
 g - 4 scrolls of poison {unknown}
 h - a scroll of teleportation {unknown}
 l - a scroll of blinking {unknown}
 m - a scroll of brand weapon {unknown}
 q - a scroll of enchant armour {unknown}
 r - a scroll of summoning {unknown}
 s - a scroll of fear {unknown}
Potions
 b - a potion of heal wounds {unknown}
 c - 2 potions of curing {unknown}
 f - a potion of brilliance {unknown}
 i - a potion of ambrosia {unknown}
 j - a potion of flight {unknown}
 t - a potion of mutation {unknown}
 u - a potion of might {unknown}


   Skills:
 + Level 4.1 Fighting
 * Level 4.8 Axes
 + Level 3.1 Armour
 + Level 2.8 Dodging
 + Level 1.4 Evocations


You had 3 spell levels left.
You didn't know any spells.
Your spell library was empty.

Dungeon Overview and Level Annotations

Branches:
Dungeon (3/15)

Altars:

Annotations:
D:3 Grinder


Innate Abilities, Weirdness & Mutations

You have a pair of horns on your head.
You reflexively headbutt those who attack you in melee.


Message History

You closely miss Grinder. Grinder closely misses you.
You closely miss Grinder. You headbutt Grinder.
Grinder is lightly wounded.
Grinder completely misses you.
You slash Grinder!
Grinder is moderately wounded.
Grinder closely misses you.
You slash Grinder! You headbutt Grinder.
Grinder is heavily wounded.
Grinder closely misses you.
You hit Grinder.
Grinder is heavily wounded.
Grinder misses you.
You barely miss Grinder.
Grinder is heavily wounded.
Grinder blinks!
Grinder gestures at you. Pain shoots through your body!
You closely miss Grinder.
Grinder is heavily wounded.
Grinder gestures at you. Pain shoots through your body!
You slash Grinder!
Grinder is severely wounded.
Grinder gestures at you.
You suddenly lose the ability to move!
Grinder hits you!
* * * LOW HITPOINT WARNING * * *
You writhe in agony.
* * * LOW HITPOINT WARNING * * *
You can move again.
You closely miss Grinder.
Grinder is severely wounded.
Grinder barely misses you.
You hit Grinder but do no damage.
Grinder is severely wounded.
Grinder hits you!
* * * LOW HITPOINT WARNING * * *
You writhe in agony.
You die...

#######.#.##### ...............
#######.#.#.### #.#.#.# # ###
#.#.#.# # .. #.#.#.# # #. #.#.#.#
# ####.####################.#.#.#
# ................@5..........#.#
#
####.####################.###.###
... ..................... ###.
#######.#########.### #.
#.............. ..
####..#####.### #. #...........
.. #.######.### #.# #.###


You could see Grinder.

Vanquished Creatures
  Robin (D:3)
  3 adders (D:2)
  A worm (D:2)
  2 dart slugs
  8 ball pythons
  5 bats
  4 endoplasms
  A giant cockroach (D:1)
  8 goblins
  7 hobgoblins
  5 kobolds
  A quokka (D:2)
  2 frilled lizards
  3 rats
51 creatures vanquished.

Notes
Turn   | Place    | Note
-------+----------+-------------------------------------------
     0 | D:1      | venomsnake the Minotaur Berserker began the quest for the
                  | Orb.
     0 | D:1      | Reached XP level 1. HP: 19/19 MP: 0/0
   238 | D:1      | Reached XP level 2. HP: 26/27 MP: 1/1
   622 | D:1      | Found a faded altar of an unknown god.
  1245 | D:2      | Reached XP level 3. HP: 4/33 MP: 2/2
  1759 | D:2      | Reached ** piety under Trog
  1921 | D:2      | Reached skill level 1 in Evocations
  1970 | D:2      | Reached XP level 4. HP: 17/40 MP: 3/3
  2618 | D:3      | Noticed Robin
  2629 | D:3      | Killed Robin
  2860 | D:3      | Noticed Grinder
  2877 | D:3      | Paralysed by Grinder for 2 turns
  2889 | D:3      | Paralysed by Grinder for 2 turns
  2892 | D:3      | HP: 1/40 [Grinder (7)]
  2892 | D:3      | Slain by Grinder

Illustrated notes

Levels and vault maps discovered:
D:1:      mrwooster_arrival_arrow, layout_loops_ring,
          ebering_ecumenical_altar_rust, minmay_cut_off
D:2:      wander_river, layout_loops_ring, amethyst_killhole
D:3:      layout_basic, minmay_quantized, uniq_ijyb, uniq_robin, uniq_grinder

Skill      XL: |  1  2  3 |
---------------+----------+-----
Axes           | 4 |  4.8
Fighting       | 4 |  4.1
Evocations     | 1 |  1.4
Armour         | 3 |  3.1
Dodging        | |  2.8

Action                   |  1- 3 |  4- 6 || total
-------------------------+-------+-------++-------
Melee: Hand axe          |   112 |    42 ||   154
       Headbutt          |    14 |     6 ||    20
       Punch             |     1 |       ||     1
 Stab: Sleeping          |     1 |       ||     1
Armor: Animal skin       |    16 |       ||    16
       Ring mail         |    13 |    14 ||    27
Dodge: Dodged            |    67 |    18 ||    85
